 Dungeon Crawl Stone Soup version 0.27-a0-1331-g60ef6b6952 (webtiles) character file.

Game seed: 9151134524707336642

900 Ijustatesigmund the Chopper (level 8, 0/57 HPs)
             Began as an Octopode Fighter on June 25, 2021.
             Succumbed to a water moccasin's poison
             ... on level 4 of the Dungeon.
             The game lasted 00:05:08 (5336 turns).

Ijustatesigmund the Chopper (Octopode Fighter)      Turns: 5336, Time: 00:05:08

Health: 0/57       AC:  1    Str: 15    XL:     8   Next: 7%
Magic:  8/8        EV: 12    Int: 12    God:
Gold:   239        SH:  9    Dex: 14    Spells: 7/7 levels left

rFire    . . .     SeeInvis .   a - +1 war axe
rCold    . . .     Faith    .   b - +0 kite shield
rNeg     . . .     Spirit   .   (helmet restricted)
rPois    .         Reflect  .   (no amulet)
rElec    .         Harm     .   (no ring)
rCorr    .         Rampage  .   (no ring)
Will     .....                  (no ring)
Stlth    ++........             (no ring)
HPRegen  1.19/turn              (no ring)
MPRegen  0.11/turn              (no ring)
                                (no ring)
                                (no ring)

@: lethally poisoned (0 -> -4), hasted, very quick
A: almost no armour, amphibious, 8 rings, camouflage 1, gelatinous body 1,
(nimble swimmer 1), tentacles, agile 1, regeneration 1, screaming 1
a: no special abilities


You were on level 4 of the Dungeon.
You visited 1 branch of the dungeon, and saw 5 of its levels.

You collected 239 gold pieces.

Inventory:

Hand Weapons
 a - a +1 war axe (weapon)
Missiles
 g - 4 silver javelins (quivered)
Armour
 b - a +0 kite shield (worn)
Scrolls
 m - a scroll of teleportation
Potions
 c - a potion of might
 d - 3 potions of brilliance
 f - a potion of flight {unknown}
 h - a potion of curing {unknown}
 i - 2 potions of mutation
 k - a potion of resistance {unknown}
 l - a potion of haste


   Skills:
 + Level 5.6 Fighting
 + Level 6.6 Axes
 + Level 4.0 Dodging
 + Level 4.0 Shields


You had 7 spell levels left.
You didn't know any spells.
Your spell library contained the following spells:

 Spells                   Type           Power      Damage    Failure   Level
 Beastly Appendage        Tmut           0%         N/A       80%         1
 Wereblood                Tmut           0%         N/A       90%         2
 Spider Form              Tmut/Pois      0%         N/A       99%         3
 Ice Form                 Ice/Tmut       0%         N/A       100%        4


Dungeon Overview and Level Annotations

Branches:
Dungeon (5/15)
 Temple: D:4-7

Altars:
Dithmenos
Okawaru
Uskayaw

Annotations:
D:4 3 runed translucent doors, Mateji's ghost, amateur DEAM


Innate Abilities, Weirdness & Mutations

You cannot wear most types of armour.
You are amphibious.
You can wear up to eight rings at the same time.
Your skin changes colour to match your surroundings (Stealth+).
Your rubbery body absorbs attacks. (AC +1, EV +1)
((You are camouflaged near water. (Stealth+)))
You have tentacles for arms and can constrict up to eight enemies at once.
You are agile. (Dex +2)
Your natural rate of healing is unusually fast.
You occasionally shout uncontrollably at your foes.


Message History

The adder closely misses you.
You slash the water moccasin!
The water moccasin is heavily wounded.
You hit the adder but do no damage. You constrict the water moccasin.
The water moccasin bites you!
You are poisoned.
The water moccasin poisons you! You block the adder's attack.
The water moccasin bites you.
You are more poisoned.
The water moccasin poisons you! The adder misses you.
You aren't carrying any items that you can evoke.
Unknown command.
You aren't carrying any items that you can evoke.
You release your grip on the water moccasin.
You feel extremely sick. You block the water moccasin's attack.
The water moccasin closely misses you.
You feel very sick.
You feel very sick. The water moccasin bites you. You block the adder's attack.
You feel very sick.
There is a stone staircase leading up here.
You feel very sick. You block the water moccasin's attack.
You block the adder's attack. The water moccasin bites you.
* * * LOW HITPOINT WARNING * * *
You are lethally poisoned!
The water moccasin poisons you!
You climb upwards.
Level annotation: 3 runed translucent doors, Mateji's ghost, amateur DEAM
* * * LOW HITPOINT WARNING * * *
You feel extremely sick.
There is a stone staircase leading down here.
It was a potion of mutation.
You feel extremely strange.
You feel the urge to shout.
You feel agile.
You begin to heal more quickly.
You feel very sick. The adder bites you.
* * * LOW HITPOINT WARNING * * *
You block the water moccasin's attack.
It was a potion of haste.
You feel yourself speed up.
You die...

......#### #######
>#..<....#######.....#
.....................#
##..#.#...######.....#
##..^##........######
###...##...###..#
...............##
###.......########
###..#.........S@#
....##.####....S.#
.......# #..)...#
.......# ###....#
.......# #....#
.......# #....#
######## #....# #....#
######


You could see a water moccasin and an adder.

Vanquished Creatures
  A water moccasin (D:4)
  An ogre (D:4)
  A black bear (D:4)
  A necrophage (D:4)
  2 centaurs (D:5)
  A wyvern zombie (D:5)
  A scorpion (D:5)
  A water moccasin skeleton (D:4)
  2 hounds (D:5)
  An iguana (D:5)
  7 adders
  A dart slug (D:3)
  6 ball pythons
  6 endoplasms
  A giant cockroach (D:3)
  4 goblins
  6 hobgoblins
  6 jackals
  7 kobolds
  2 quokkas
  9 bats
  4 frilled lizards
  4 rats
75 creatures vanquished.

Notes
Turn   | Place    | Note
-------+----------+-------------------------------------------
     0 | D:1      | Ijustatesigmund the Octopode Fighter began the quest for
                  | the Orb.
     0 | D:1      | Reached XP level 1. HP: 16/16 MP: 1/1
   223 | D:1      | Reached XP level 2. HP: 21/21 MP: 2/2
   562 | D:1      | Found a faded altar of an unknown god.
   793 | D:2      | Reached skill level 3 in Axes
   795 | D:2      | Reached XP level 3. HP: 11/26 MP: 3/3
  1388 | D:2      | Reached XP level 4. HP: 23/32 MP: 4/4
  2813 | D:4      | Found a hide-covered altar of Uskayaw.
  2814 | D:4      | Noticed a water moccasin
  2816 | D:4      | Killed a water moccasin
  2817 | D:4      | Reached skill level 4 in Axes
  2817 | D:4      | Reached XP level 5. HP: 26/37 MP: 5/5
  2861 | D:4      | Reached skill level 5 in Axes
  2861 | D:4      | Reached XP level 6. HP: 6/44 MP: 6/6
  3135 | D:4      | Found a shadowy altar of Dithmenos.
  3192 | D:4      | Noticed a necrophage
  3199 | D:4      | Killed a necrophage
  3298 | D:4      | Reached skill level 6 in Axes
  3298 | D:4      | Reached XP level 7. HP: 28/49 MP: 7/7
  3582 | D:4      | Reached skill level 5 in Fighting
  3880 | D:4      | Found a runed translucent gate.
  3880 | D:4      | Found a runed translucent gate.
  3880 | D:4      | Found a runed translucent gate.
  3881 | D:4      | Noticed Mateji's ghost (amateur DEAM)
  4247 | D:5      | Entered Level 5 of the Dungeon
  5032 | D:5      | Reached XP level 8. HP: 23/57 MP: 8/8
  5035 | D:5      | Found an iron altar of Okawaru.
  5335 | D:4      | Gained mutation: You occasionally shout uncontrollably at
                  | your foes. [potion of mutation]
  5335 | D:4      | Gained mutation: You are agile. (Dex +2) [potion of
                  | mutation]
  5335 | D:4      | Gained mutation: Your natural rate of healing is unusually
                  | fast. [potion of mutation]
  5335 | D:4      | HP: 2/57 [adder (5)]
  5336 | D:4      | Succumbed to a water moccasin's poison

Illustrated notes

Levels and vault maps discovered:
D:1:      dpeg_arrival_pits, layout_rooms,
          shapermc_ecumenical_altar_totnotflames, minmay_strange_pillars,
          minmay_door_square
D:2:      layout_basic
D:3:      layout_basic, minmay_misc_feat_tower, minmay_fractal_squares_gapless_5
D:4:      layout_rooms, grunt_temple_overflow_open,
          gammafunk_ghost_nasty_kobolds
D:5:      layout_basic, okawaru_gym_becter

Skill      XL: |  1  2  3  4  5  6  7 |
---------------+----------------------+-----
Axes           | 3 4 5 6 |  6.6
Fighting       | 4 5 |  5.6
Dodging        | 4 |  4.0
Shields        | 4 |  4.0

Action                   |  1- 3 |  4- 6 |  7- 9 || total
-------------------------+-------+-------+-------++-------
Melee: War axe           |    51 |    41 |    39 ||   131
       Tentacles         |    11 |     7 |     3 ||    21
       Constrict         |    10 |     6 |    10 ||    26
Evoke: Wand              |       |       |     6 ||     6
  Use: Scroll            |     3 |     3 |     4 ||    10
       Potion            |       |       |     3 ||     3
 Stab: Sleeping          |     9 |     7 |     3 ||    19
Armor: Skin              |     2 |     2 |    12 ||    16
Dodge: Dodged            |    27 |    14 |    24 ||    65
Block: Kite shield       |    26 |    11 |    40 ||    77

Table legend: (Time is in decaauts)
 A = Elapsed time spent in this place.
 B = Non-inter-level travel time spent in this place.
 C = Inter-level travel time spent in this place.
 D = Time resting spent in this place.
 E = Time spent auto-exploring this place.
 F = Levels seen in this place.
 G = Mean time per level.
                   A        B        C        D        E       F      G
               +--------+--------+--------+--------+--------+-----+--------+
         Total |   5404 |   5300 |    104 |   1814 |   2974 |   5 | 1080.8 |
       Dungeon |   5404 |   5300 |    104 |   1814 |   2974 |   5 | 1080.8 |
               +--------+--------+--------+--------+--------+-----+--------+

Top non-repeatable levels by time:
     D:4: 1467 daAuts
     D:5: 1092 daAuts
     D:2: 1037 daAuts
     D:3: 1027 daAuts
     D:1: 779 daAuts
